 Dungeon Crawl Stone Soup version 0.23.2-33-g5129a83184 (webtiles) character file.

Game seed: 4279525426533685493

118 FishyPogo the Caller (level 5, 0/37 HPs)
             Began as a Formicid Summoner on Aug 2, 2019.
             Was a Believer of Nemelex Xobeh.
             Slain by Sigmund
             ... wielding a +0 scythe
              (9 damage)
             ... on level 3 of the Dungeon.
             The game lasted 00:34:03 (3074 turns).

FishyPogo the Caller (Formicid Summoner)            Turns: 3074, Time: 00:34:04

Health: 0/37       AC:  3    Str: 12    XL:     5   Next: 23%
Magic:  0/9        EV: 12    Int: 15    God:    Nemelex Xobeh [**....]
Gold:   129        SH:  0    Dex: 12    Spells: 5/9 levels left

rFire    . . .     SeeInvis +   a - +0 spear
rCold    . . .     Gourm    .   (no shield)
rNeg     . . .     Faith    .   i - +0 robe
rPois    .         Spirit   .   (helmet unavailable)
rElec    .         Reflect  .   (no cloak)
rCorr    .         Harm     .   (no gloves)
MR       .....                  o - +0 pair of boots
Stlth    ++........             (no amulet)
HPRegen  0.12/turn              p - ring of teleportation (curse)
MPRegen  0.11/turn              (no ring)

@: no status effects
A: permanent stasis, dig shafts and tunnels, four strong arms, antennae 3
a: Dig, Shaft Self, Draw Escape, Draw Destruction, Draw Summoning, Renounce
Religion


You were on level 3 of the Dungeon.
You worshipped Nemelex Xobeh.
Nemelex Xobeh was pleased with you.
You were not hungry.

You visited 1 branch of the dungeon, and saw 3 of its levels.

You collected 129 gold pieces.

Inventory:

Hand Weapons
 a - a +0 spear (weapon)
 b - a +0 dagger
Missiles
 e - 134 stones (quivered)
Armour
 i - a +0 robe (worn)
 o - a +0 pair of boots (worn)
Jewellery
 j - an uncursed ring of wizardry
 p - a cursed ring of teleportation (left hand)
Scrolls
 d - 4 scrolls of amnesia {unknown}
 f - 3 scrolls of noise {unknown}
 g - a scroll of enchant weapon {unknown}
 h - a scroll of identify {unknown}
 k - 2 scrolls of remove curse {unknown}
 m - a scroll of fear {unknown}
Potions
 l - 2 potions of cancellation {unknown}
 n - a potion of heal wounds {unknown}
Comestibles
 c - 6 rations


   Skills:
 + Level 1.3 Fighting
 + Level 2.3 Dodging
 + Level 3.2 Stealth
 + Level 2.8 Spellcasting
 * Level 5.0 Summonings


You had 5 spell levels left.
You knew the following spells:

 Your Spells              Type           Power        Failure   Level  Hunger
a - Summon Small Mammal   Summ           ###.         2%          1    #......
b - Call Canine Familiar  Summ           ###.....     8%          3    ###....

Your spell library contained the following spells:

 Spells                   Type           Power        Failure   Level  Hunger
 Call Imp                 Summ           ###.....     3%          2    ##.....
 Magic Dart               Conj           #...         21%         1    #......
 Summon Guardian Golem    Hex/Summ       #.......     22%         3    ###....
 Slow                     Hex            #.......     30%         2    ##.....
 Conjure Flame            Conj/Fire      #.......     52%         3    ###....
 Mephitic Cloud           Conj/Pois/Air  #.......     52%         3    ###....
 Summon Ice Beast         Ice/Summ       #.......     56%         4    #####..
 Summon Lightning Spire   Summ/Air       #.......     56%         4    #####..
 Blink                    Tloc           Unusable     N/A         2    N/A

Dungeon Overview and Level Annotations

Branches:
Dungeon (3/15)

Altars:
Nemelex Xobeh
Vehumet
Wu Jian

Annotations:
D:3 Sigmund


Innate Abilities, Weirdness & Mutations

You cannot be hasted, slowed, berserked, paralysed or teleported.
You can dig through walls and to a lower floor.
Your four strong arms can wield two-handed weapons with a shield.
You have a pair of large antennae on your head. (SInv)


Message History

Aim: Sigmund, wielding a +0 scythe, wearing a +2 robe of cold resistance, wearing an uncursed ring of magical power and carrying a wand of flame (9) (severely wounded, slightly transparent)
You reach to attack!
You hit Sigmund but do no damage.
Sigmund is severely wounded.
Your hound barely misses Sigmund.
Sigmund casts a spell at you. The magic dart hits your hound.
Attack whom?
Press: ? - help, Dir - move target cursor, f/p - Sigmund
Aim: Sigmund, wielding a +0 scythe, wearing a +2 robe of cold resistance, wearing an uncursed ring of magical power and carrying a wand of flame (9) (severely wounded, slightly transparent)
You reach to attack!
You hit Sigmund.
Sigmund is severely wounded.
Your hound completely misses Sigmund.
Your hound bites Sigmund.
Sigmund gestures at you while chanting. The magic dart hits your hound.
Casting: Call Canine Familiar (safe; 8% risk of failure)
Confirm with . or Enter, or press ? or * to list all spells.
Your hound closely misses Sigmund.
Sigmund hits you from afar with a +0 scythe!
You die...
Your body disappears without a glow.

#......[..............#........
#...##.......... #....<..#.....
###.####...>......##....(#.#.....
........#.....>..#...@.(.#.......
......(............###...##......
..................####.......#.#.
########..........@..##......#.##
.......rh##..^@........#
.......@.#####ยง.........
.........# #......#### ........##
#......# #......## ####...#
####### #...# #...# #####


You could see Sigmund (invisible), a friendly hound and a friendly rat.

Vanquished Creatures
  5 adders
  A shadow imp (D:2)
  A worm (D:3)
  A dart slug (D:1)
  2 bats (D:2)
  2 giant cockroaches
  A goblin (D:2)
  A hobgoblin (D:2)
  A jackal (D:3)
  4 quokkas
  A frilled lizard (D:1)
  A kobold (D:1)
  3 rats
24 creatures vanquished.

Vanquished Creatures (collateral kills)
  3 gnolls (D:2)
  2 adders (D:3)
  An ooze (D:2)
  2 worms
  A dart slug (D:2)
  A bat (D:1)
  4 giant cockroaches
  2 hobgoblins
  2 jackals
  3 kobolds
  2 frilled lizards (D:3)
  3 goblins
  6 rats
32 creatures vanquished.

Grand Total: 56 creatures vanquished

Notes
Turn   | Place    | Note
-------+----------+-------------------------------------------
     0 | D:1      | FishyPogo the Formicid Summoner began the quest for the
                  | Orb.
     0 | D:1      | Reached XP level 1. HP: 13/13 MP: 3/3
   471 | D:1      | Reached XP level 2. HP: 18/19 MP: 5/5
  1028 | D:2      | Reached XP level 3. HP: 23/25 MP: 4/6
  1355 | D:2      | Found a radiant altar of Vehumet.
  1421 | D:2      | Reached skill level 1 in Fighting
  1421 | D:2      | Reached XP level 4. HP: 28/32 MP: 4/7
  1596 | D:2      | Learned a level 3 spell: Call Canine Familiar
  1608 | D:2      | Found a faded altar of an unknown god.
  1615 | D:2      | Became a worshipper of Nemelex Xobeh the Trickster
  1615 | D:2      | Received a gift from Nemelex Xobeh
  1615 | D:2      | Reached * piety under Nemelex Xobeh
  1615 | D:2      | Received a gift from Nemelex Xobeh
  2291 | D:3      | Noticed Sigmund
  2353 | D:3      | Reached skill level 5 in Summonings
  2353 | D:3      | Reached XP level 5. HP: 20/37 MP: 6/9
  2565 | D:3      | Found an ornate altar of the Wu Jian Council.
  2919 | D:3      | Reached ** piety under Nemelex Xobeh
  2919 | D:3      | Received a gift from Nemelex Xobeh
  3074 | D:3      | Slain by Sigmund

Skill      XL: |  1  2  3  4 |
---------------+-------------+-----
Dodging        | 2 |  2.3
Fighting       | 1 |  1.3
Stealth        | 3 |  3.2
Summonings     | 5 |  5.0
Spellcasting   | |  2.8

Action                   |  1- 3 |  4- 6 || total
-------------------------+-------+-------++-------
Melee: Unarmed           |    12 |       ||    12
       Dagger            |     7 |       ||     7
       Spear             |    38 |   116 ||   154
Throw: Stone             |     8 |     9 ||    17
 Cast: Summon Small Mamm |    37 |    21 ||    58
       Call Canine Famil |       |    14 ||    14
  Use: Potion            |       |     1 ||     1
 Stab: Sleeping          |     2 |     3 ||     5
  Eat: Chunk             |     2 |     7 ||     9
Armor: Robe              |     5 |    16 ||    21
Dodge: Dodged            |    28 |    84 ||   112
